AoeStats
← cargoyle

Arena

510010899Analyzed
1v1 RM · 3d ago on Sep 29, 2026· 25m 38s· 2 players
Game mode
Random Map
Map size
Tiny (2 player)
Population
200
Speed
Normal
Resources
Standard
Victory
Conquest
Starting age
Dark Age
Ending age
Imperial Age
RankedLock teamsTeams togetherTeam positionsShared explorationLock speedFull tech treeHidden civsTurbo modeCheats
Victory
Defeat
🇨🇦 Turks · Canada
679
+16
🇵🇪 Byzantines · Peru
683
-16
cargoyle
12:38 Feudal Age
10:57 Loom
12:42 Feudal Age
17:06 Castle Age
15:38 Double-Bit Axe
16:02 Gold Mining
16:04 Horse Collar
21:24 Wheelbarrow
25:08 Imperial Age
AtilaTheHun
10:25 Feudal Age
8:40 Loom
10:55 Double-Bit Axe
15:19 Wheelbarrow
16:09 Horse Collar
20:44 Castle Age
21:42 Bow Saw
22:43 Heavy Plow
22:17 Pikeman
23:49 Hand Cart
23:12 Elite Skirmisher
23:47 Fletching
24:08 Forging
Connection lost

Rejoining the realm…

Still unreachable

The connection could not be restored.

Session expired

The server has moved on; the page needs a fresh start.